 Dungeon Crawl Stone Soup version 0.31.0-11-ge490571c62 (webtiles) character file.

Game seed: 11954555977077212087

1320 Pooter the Cleaver (level 8, 0/73 HPs)
             Began as a Minotaur Monk on Jan 28, 2024.
             Was an Initiate of Gozag.
             Slain by a water moccasin (3 damage)
             ... on level 6 of the Dungeon.
             The game lasted 00:18:33 (4234 turns).

Pooter the Cleaver (Minotaur Monk)                  Turns: 4234, Time: 00:18:34

Health: 0/73       AC: 11    Str: 21    XL:     8   Next: 33%
Magic:  7/7        EV:  6    Int:  7    God:    Gozag
Gold:   317        SH:  0    Dex: 13    Spells: 7/7 levels left

rFire   . . .        a - +0 war axe
rCold   . . .        d - orb {light}
rNeg    . . .        k - +0 plate armour
rPois   .            (helmet restricted)
rElec   .            (no cloak)
rCorr   .            p - +0 pair of gloves {Str+3}
SInv    .            (no boots)
Will    .....        (no amulet) Stlth
                     (no ring)
HPRegen 0.32/turn    (no ring)
MPRegen 0.10/turn

%: no passive effects
@: gold aura, glowing
A: horns 2, retaliatory headbutt
a: Renounce Religion, Potion Petition, Call Merchant, Bribe Branch


You were on level 6 of the Dungeon.
You worshipped Gozag.
Gozag was aware of your devotion.
You visited 2 branches of the dungeon, and saw 7 of its levels.

You collected 317 gold pieces.

Inventory:

Hand Weapons
 a - a +0 war axe (weapon)
   (You found it on level 2 of the Dungeon)
 b - a +0 sling
   (You took it off a goblin on level 4 of the Dungeon)
 e - a +0 trident
   (You took it off a hobgoblin on level 1 of the Dungeon)
 x - a +0 battleaxe
   (You took it off an orc warrior on level 3 of the Dungeon)
 y - a +0 shortbow
   (You took it off a centaur on level 5 of the Dungeon)
Missiles
 f - 8 poisoned darts (quivered)
 u - 2 javelins
 z - 3 boomerangs
 Q - 71 stones
Armour
 d - an orb of light (worn)
 k - a +0 plate armour (worn)
   (You found it on level 2 of the Dungeon)
 p - a +0 pair of gloves of strength (worn)
   (You found it on level 1 of the Dungeon)
 w - a +0 robe
Wands
 q - a wand of polymorph (5)
   (You found it on level 2 of the Dungeon)
Scrolls
 h - 2 scrolls of immolation {!r}
 n - a scroll of noise {!r}
 r - a scroll of fog
 s - a scroll of vulnerability {!r}
 t - 2 scrolls of teleportation {unknown}
 v - 2 scrolls of revelation
Potions
 c - 2 potions of ambrosia
 g - 2 potions of lignification {!q}
 i - a potion of attraction {unknown}
 j - a potion of enlightenment {unknown}
 l - a potion of haste {unknown}
 m - 2 potions of brilliance
 o - a potion of curing {@q1}


   Skills:
 + Level 7.3 Fighting
 * Level 9.7 Axes
 * Level 4.4 Ranged Weapons
 - Level 3.2 Dodging


You had 7 spell levels left.
You didn't know any spells.
Your spell library contained the following spells:

 Spells                   Type           Power      Damage    Failure   Level
 Mercury Vapours          Alch/Air       0%         N/A       100%        2
 Fugue of the Fallen      Necr           0%         N/A       100%        3
 Mephitic Cloud           Conj/Alch/Air  0%         N/A       100%        3
 Ozocubu's Armour         Ice            0%         N/A       100%        3
 Manifold Assault         Tloc           0%         N/A       100%        4
 Alistair's Intoxication  Alch           0%         N/A       100%        5
 Borgnjor's Vile Clutch   Necr/Erth      0%         N/A       100%        5
 Freezing Cloud           Conj/Ice/Air   0%         6-21      100%        5
 Eringya's Noxious Bog    Alch           0%         4d6       100%        6


Dungeon Overview and Level Annotations

Branches:
Dungeon (6/15) Zot: 26751  Temple (1/1) D:5 Zot: 5987

Altars:
Cheibriados
Elyvilon
Fedhas
Gozag
Hepliaklqana
Kikubaaqudgha
Makhleb
Okawaru
Qazlal
Ru
Trog
Uskayaw
Wu Jian
Xom
Yredelemnul
Zin
The Shining One

Shops:
D:6 [


Innate Abilities, Weirdness & Mutations

You have a pair of horns on your head.
You reflexively headbutt those who attack you in melee.


Message History

The steam dragon claws you but does no damage.
You hit the scorpion.
You kill the scorpion!
You hit the steam dragon but do no damage.
You hit the water moccasin but do no damage.
You feel very sick. The water moccasin bites you!
The steam dragon breathes steam at you. The ball of steam hits you!
* * * LOW HITPOINT WARNING * * *
The water moccasin bites you.
* * * LOW HITPOINT WARNING * * *
You are more poisoned.
The water moccasin poisons you!
You feel better.
You are engulfed in a cloud of scalding steam.
* * * LOW HITPOINT WARNING * * *
The water moccasin bites you but does no damage.
The steam dragon breathes steam at you. The ball of steam hits you!!
* * * LOW HITPOINT WARNING * * *
Unknown command.
You closely miss the water moccasin. You headbutt the water moccasin!
You slash the steam dragon!
The water moccasin bites you but does no damage.
The steam dragon breathes steam at you. The ball of steam hits you.
* * * LOW HITPOINT WARNING * * *
The water moccasin bites you.
* * * LOW HITPOINT WARNING * * *
Unknown command.
You barely miss the water moccasin. You barely miss the steam dragon.
The water moccasin bites you but does no damage.
The steam dragon bites you but does no damage.
The steam dragon closely misses you.
Unknown command.
Unknown command.
You closely miss the water moccasin.
You hit the steam dragon but do no damage.
The water moccasin bites you.
* * * LOW HITPOINT WARNING * * *
The steam dragon bites you but does no damage.
The steam dragon claws you but does no damage.
Unknown command.
You barely miss the water moccasin. You hit the steam dragon.
You kill the steam dragon!
The water moccasin is engulfed in a cloud of scalding steam.
The water moccasin bites you.
You die...
Your body crumbles into a pile of gold.

######### .. #........
#.. #........
...######## #........
..........# #........
..........# #(.......
..........######S.......
#........##..§.@$..∩...
#........##.###§$......
##.##........# #........
#.....######## ########.
...##.|#####
..###......##
..............
..##.......###
...........#


You could see a water moccasin.

Vanquished Creatures
  A steam dragon (D:6)
  A water moccasin (D:5)
  An orc warrior (D:3)
  An ogre (D:5)
  2 centaurs
  A phantom (D:4)
  A bullfrog (D:4)
  A scorpion (D:6)
  A killer bee (D:4)
  2 jellies (D:6)
  6 hounds
  A bombardier beetle (D:3)
  An orc priest (D:5)
  A sleepcap (D:4)
  An orc wizard (D:4)
  11 gnolls
  7 adders
  3 shadow imps (D:5)
  A white imp (D:6)
  3 dart slugs
  A ribbon worm (D:3)
  10 orcs
  4 bats
  3 endoplasms
  A giant cockroach (D:2)
  6 goblins
  4 hobgoblins
  4 jackals (D:3)
  3 quokkas
  6 ball pythons
  2 frilled lizards
  6 kobolds
  7 rats
104 creatures vanquished.

Notes
Turn   | Place    | Note
-------+----------+-------------------------------------------
     0 | D:1      | Pooter the Minotaur Monk began the quest for the Orb.
     0 | D:1      | Reached XP level 1. HP: 19/19 MP: 0/0
    85 | D:1      | Reached skill level 4 in Axes
   180 | D:1      | Reached XP level 2. HP: 27/27 MP: 1/1
   616 | D:2      | Reached XP level 3. HP: 30/33 MP: 2/2
   738 | D:2      | Found a shimmering altar of Xom.
   792 | D:2      | Reached skill level 5 in Axes
  1052 | D:3      | Reached XP level 4. HP: 41/41 MP: 3/3
  1447 | D:3      | Reached skill level 5 in Fighting
  1447 | D:3      | Reached skill level 6 in Axes
  1447 | D:3      | Reached XP level 5. HP: 44/48 MP: 4/4
  1603 | D:4      | Noticed an orc warrior
  1612 | D:3      | Killed an orc warrior
  1851 | D:4      | Reached skill level 7 in Axes
  1851 | D:4      | Reached XP level 6. HP: 57/57 MP: 5/5
  1882 | D:4      | Found a bloodstained altar of Trog.
  2234 | D:4      | Reached skill level 8 in Axes
  2274 | D:4      | Reached XP level 7. HP: 60/64 MP: 6/6
  2629 | D:5      | Entered Level 5 of the Dungeon
  2694 | D:5      | Reached skill level 1 in Ranged Weapons
  3238 | D:5      | Found a staircase to the Ecumenical Temple.
  3247 | Temple   | Entered the Ecumenical Temple
  3253 | Temple   | Became a worshipper of Gozag Ym Sagoz the Greedy
  3327 | D:5      | Reached skill level 9 in Axes
  3405 | D:5      | Reached XP level 8. HP: 66/73 MP: 7/7
  4220 | D:6      | Found Rifine's Antique Armour Emporium.
  4233 | D:6      | HP: 3/73 [water moccasin (2)]
  4234 | D:6      | Slain by a water moccasin

Illustrated notes

Levels and vault maps discovered:
D:1:      minmay_arrival_checkered_box, layout_basic
D:2:      layout_rooms, basic_altar, kennysheep_generic_room_11
D:3:      layout_basic
D:4:      layout_rooms, general_overflow_altar, minmay_cut_off
D:5:      layout_basic, minmay_temple_entry_glass
D:6:      layout_rooms, serial_shops, shop
Temple:   eino_temple_rhombus

Skill      XL: |  1  2  3  4  5  6  7  8 |
---------------+-------------------------+-----
Axes           | 4 5 6 7 8 9 |  9.7
Fighting       | 4 5 6 7 |  7.3
Ranged Weapons | 3 4 |  4.4
Dodging        | |  3.2

Action                     |  1- 3 |  4- 6 |  7- 9 || total
---------------------------+-------+-------+-------++-------
  Melee: Trident           |    41 |       |       ||    41
         Hand axe          |     4 |       |       ||     4
         Headbutt          |     5 |    18 |    17 ||    40
         War axe           |     8 |    78 |    84 ||   170
   Fire: Sling             |       |       |    21 ||    21
  Throw: Dart              |       |       |     7 ||     7
  Evoke: Wand              |       |     3 |       ||     3
    Use: Scroll            |     1 |     3 |     4 ||     8
         Potion            |       |       |     1 ||     1
 Armour: Robe              |    11 |       |       ||    11
         Plate armour      |    11 |    71 |   116 ||   198
  Dodge: Dodged            |    24 |    24 |    31 ||    79
